 Dungeon Crawl Stone Soup version 0.31-a0-1610-g9787180647 (webtiles) character file.

Game seed: 11758434403892433725

1313 Dirtsage the Changeling (level 8, -6/52 HPs)
             Began as an Octopode Shapeshifter on Jan 9, 2024.
             Killed from afar by Dowan (14 damage)
             ... with a shard of ice
             ... on level 4 of the Dungeon.
             The game lasted 00:05:32 (2685 turns).

Dirtsage the Changeling (Octopode Shapeshifter)     Turns: 2685, Time: 00:05:32

Health: -6/52      AC:  1    Str: 13    XL:     8   Next: 58%
Magic:  8/8        EV: 18    Int: 13    God:
Gold:   205        SH:  0    Dex: 13    Spells: 7/7 levels left

rFire   . .          .
                       - Unarmed
rCold   . . .        (shield currently unavailable)
rNeg    . . .        (helmet restricted)
rPois   .            (no amulet)
rElec   .            (no ring)
rCorr   .            (no ring)
SInv    .            (no ring)
Will    .....        (no ring)
Stlth   +            (no ring)
HPRegen 0.28/turn    (no ring)
MPRegen 0.11/turn    (no ring)
                     (no ring)

%: no passive effects
@: flux-form, glowing
A: glow, contaminating, reduced hp, almost no armour, amphibious, 8 rings,
camouflage 1, gelatinous body 1, (nimble swimmer 1), tentacles
a: Begin Untransformation


You were on level 4 of the Dungeon.
You were something dangerously unstable.
You visited 1 branch of the dungeon, and saw 6 of its levels.
You also visited: Sewer.

You collected 205 gold pieces.

Inventory:

Talismans
 b - a beast talisman
 c - a flux talisman (active)
Wands
 a - a wand of charming (4)
 m - a wand of roots (26)
 p - a wand of polymorph (12)
Scrolls
 d - a scroll of amnesia {unknown}
 e - a scroll of noise {unknown}
 f - a scroll of fear {unknown}
 g - 2 scrolls of identify {unknown}
 l - a scroll of fog {unknown}
 o - a scroll of teleportation {unknown}
 B - 4 scrolls of blinking
Potions
 h - a potion of heal wounds {unknown}
 i - a potion of enlightenment {unknown}
 j - 3 potions of curing {unknown}
 k - 3 potions of might {unknown}
 n - a potion of degeneration {unknown}


   Skills:
 + Level 4.4 Fighting
 + Level 4.9 Dodging
 + Level 5.4 Unarmed Combat
 * Level 6.6 Shapeshifting


You had 7 spell levels left.
You didn't know any spells.
Your spell library contained the following spells:

 Spells                   Type           Power      Damage    Failure   Level
 Apportation              Tloc           0%         N/A       30%         1
 Necrotise                Necr           0%         1d4       30%         1
 Sting                    Conj/Alch      0%         1d3       30%         1
 Summon Small Mammal      Summ           0%         N/A       30%         1
 Inner Flame              Hex/Fire       0%         N/A       67%         3
 Flame Wave               Conj/Fire      0%         2d4       97%         4
 Sticky Flame             Fire/Alch      0%         2d4       97%         4


Dungeon Overview and Level Annotations

Branches:
Dungeon (6/15)              Sewer (visited)
 Temple: D:4-7

Altars:

Annotations:
D:4 Dowan


Innate Abilities, Weirdness & Mutations

You are something dangerously unstable.
You glow with magical radiation, making you easy to see and hit.
Foes you strike become dangerously contaminated with magical radiation.
Your maximum health is decreased, since you lack skill for your form.
You are incapable of wielding weapons or throwing items.
You cannot wear most types of armour.
You are amphibious.
You can wear up to eight rings at the same time.
Your skin changes colour to match your surroundings (Stealth+).
Your rubbery body absorbs attacks. (AC +1, EV +1)
((You are camouflaged when in or above water. (Stealth+)))
You have tentacles for arms and can constrict up to eight enemies at once.


Message History

You constrict Duvessa, but do no damage.
Duvessa hits you with a +0 short sword.
You take 6 damage, and have 42/51 hp.
You tentacle-slap Duvessa but do no damage.
Duvessa shudders as magic cascades through her!
Duvessa twists and deforms.
Duvessa is heavily wounded.
You constrict Duvessa. You tentacle-slap Duvessa.
Duvessa begins to glow.
You squeeze Duvessa.
Duvessa is severely wounded.
You constrict Duvessa. Duvessa hits you with a +0 short sword!
You take 9 damage, and have 33/51 hp.
You completely miss Duvessa. You squeeze Duvessa.
You kill Duvessa!
Dowan screams, "No!
Oh no!"
Dowan seems to find hidden reserves of power!
You tentacle-slap the hobgoblin.
The hobgoblin begins to glow.
You grab the hobgoblin.
The hobgoblin is heavily wounded.
You constrict the hobgoblin.
You kill the hobgoblin!
Dowan casts a spell at you. The shard of ice hits you!!
Ouch! That really hurt!
* * * LOW HITPOINT WARNING * * *
Dowan closely misses you.
Things that are here:
a +0 short sword; a +0 leather armour; the elf corpse of Duvessa You take 27 damage, and have 8/52 hp.
MASSIVE DAMAGE!!
You tentacle-slap Dowan.
Dowan begins to glow.
You grab Dowan. You squeeze Dowan.
Dowan is moderately wounded.
You constrict Dowan. Dowan closely misses you.
You tentacle-slap Dowan.
Dowan glows dangerously bright.
You squeeze Dowan.
Dowan is severely wounded.
You constrict Dowan.
Dowan says, "How can I live without her?"
Dowan casts a spell at you. The shard of ice hits you!
You die...

....................##
..#............##...#..?....#
.........#.#.####...#.......#
..#.................#.......#
.............####.#.#.......#
.....#.......# #.#.#.......#
#.#..#..#..... ..#.#.......#
..........#..######.#.......#
.....#. ........pe...........
....... ###..######.##....###
#....... # #.# ....# ........
. ..# ....# #####..###.# ##.#
....# ........... [.# ....#
#####..#.# ### .?..#
.......... ....#
#####.######.


You could see Dowan (fast, heavy contam).

Vanquished Creatures
  Sigmund (D:2)
  3 yaks (D:6)
  Duvessa (D:4)
  A water moccasin (D:6)
  A phantom (D:5)
  2 bullfrogs (Sewer)
  A bullfrog zombie (D:5)
  2 orc priests
  A scorpion zombie (D:5)
  5 adders
  12 dart slugs
  4 ribbon worms
  5 orcs
  5 bats
  13 endoplasms
  13 giant cockroaches
  6 goblins
  6 hobgoblins
  3 jackals (D:3)
  5 quokkas
  16 ball pythons
  14 frilled lizards
  4 kobolds
  7 rats
131 creatures vanquished.

Notes
Turn   | Place    | Note
-------+----------+-------------------------------------------
     0 | D:1      | Dirtsage the Octopode Shapeshifter began the quest for the
                  | Orb.
     0 | D:1      | Reached XP level 1. HP: 13/13 MP: 1/1
    22 | D:1      | Found a faded altar of an unknown god.
    66 | D:1      | Reached XP level 2. HP: 18/18 MP: 2/2
   444 | D:2      | Reached XP level 3. HP: 20/23 MP: 3/3
   517 | D:2      | Noticed Sigmund
   539 | D:2      | Killed Sigmund
   540 | D:2      | Reached skill level 4 in Shapeshifting
   540 | D:2      | Reached XP level 4. HP: 30/30 MP: 4/4
   540 | D:2      | Reached XP level 5. HP: 35/35 MP: 5/5
   935 | D:3      | Reached XP level 6. HP: 41/41 MP: 6/6
   973 | D:3      | You fall into a shaft and drop 3 floors!
   976 | D:6      | Noticed a yak
   976 | D:6      | Noticed a yak
   977 | D:6      | Noticed a water moccasin
   977 | D:6      | Noticed a yak
   991 | D:6      | Killed a yak
  1004 | D:6      | Killed a water moccasin
  1005 | D:6      | Reached skill level 5 in Shapeshifting
  1005 | D:6      | Reached XP level 7. HP: 46/46 MP: 7/7
  1011 | D:6      | Killed a yak
  1017 | D:6      | Killed a yak
  1027 | D:5      | Entered Level 5 of the Dungeon
  1134 | D:5      | Reached XP level 8. HP: 46/54 MP: 8/8
  1297 | D:4      | Reached skill level 5 in Unarmed Combat
  1297 | D:4      | Reached skill level 6 in Shapeshifting
  1386 | D:3      | Found a glowing drain.
  1401 | Sewer    | Entered a sewer
  2665 | D:4      | Noticed Duvessa
  2667 | D:4      | Noticed Dowan
  2681 | D:4      | Killed Duvessa
  2685 | D:4      | Killed from afar by Dowan

Illustrated notes

Levels and vault maps discovered:
D:1:      beargit_arrival_greenhouse, layout_rooms,
          shapermc_ecumenical_altar_acropolis, grunt_decor_clamped
D:2:      layout_rooms, uniq_sigmund
D:3:      layout_loops_ring, mainiacjoe_sewer_entry_somewhere_in_here_1,
          eino_curves_04
D:4:      layout_basic, minmay_temple_entry_tees, uniq_duvessa
D:5:      layout_loops_ring, grunt_temple_overflow_forces_of_nature,
          serial_undead, serial_undead_c, serial_undead_c, serial_undead_c,
          serial_undead_f, serial_undead_a, serial_undead_f,
          hellmonk_guarded_unrand_hermit
D:6:      layout_basic, serial_demonic, serial_demonic_f, serial_demonic_e,
          serial_demonic_a, serial_demonic_d

Skill      XL: |  1  2  3  4  5  6  7  8 |
---------------+-------------------------+-----
Fighting       | 2 3 4 |  4.4
Dodging        | 3 4 |  4.9
Shapeshifting  | 4 5 6 |  6.6
Unarmed Combat | 4 5 |  5.4

Action                     |  1- 3 |  4- 6 |  7- 9 || total
---------------------------+-------+-------+-------++-------
  Melee: Unarmed           |    56 |    50 |   186 ||   292
         Tentacles         |     9 |     2 |    47 ||    58
         Constrict         |    10 |     4 |    51 ||    65
         Punch             |       |     3 |    10 ||    13
    Use: Potion            |       |     1 |       ||     1
   Stab: Sleeping          |     8 |     8 |     6 ||    22
 Armour: Skin              |    14 |    24 |    60 ||    98
  Dodge: Dodged            |    35 |    11 |   122 ||   168
   Form: Flux              |       |       |     1 ||     1

Table legend: (Time is in decaauts)
 A = Elapsed time spent in this place.
 B = Non-inter-level travel time spent in this place.
 C = Inter-level travel time spent in this place.
 D = Time resting spent in this place.
 E = Time spent auto-exploring this place.
 F = Levels seen in this place.
 G = Mean time per level.
                   A        B        C        D        E       F      G
               +--------+--------+--------+--------+--------+-----+--------+
         Total |   2659 |   2612 |     47 |      2 |   1627 |   7 |  379.9 |
       Dungeon |   2132 |   2085 |     47 |      2 |   1290 |   6 |  355.3 |
         Sewer |    527 |    527 |      0 |      0 |    337 |   1 |  527.0 |
               +--------+--------+--------+--------+--------+-----+--------+

Top non-repeatable levels by time:
     D:3: 783 daAuts
   Sewer: 527 daAuts
     D:2: 479 daAuts
     D:1: 412 daAuts
     D:4: 289 daAuts
     D:5: 117 daAuts
     D:6: 50 daAuts
